Map: Tokamak LE

Players

ManlyManMeat - Winner!

  • Race: Zerg Zerg
  • League: Master
  • Spawn Location: 7:00

Pace

  • Race: Zerg Zerg
  • League: Master
  • Spawn Location: 1:00

VOD

Have the link to the VOD?

Description

Time

  • Played on: June 18, 2025, 5:09 a.m.
  • Length: 9:17
Show
View Real Time Build Order
Export as new Build Order

ManlyManMeat Zerg - Winner!

Build Orders: Hatch First 

Get SALT Encoding   

  12  0:00  Drone  
  13  0:12  Overlord  
  13  0:16  Drone  
  14  0:31  Drone x2  
  16  0:37  Drone  
  17  0:52  Hatchery  
  17  0:54  Drone  
  17  0:57  Drone  
  17  1:00  Extractor  
  17  1:08  Drone  
  18  1:18  Spawning Pool  
  18  1:25  Drone  
  18  1:36  Drone  
  19  1:44  Drone  
  20  1:54  Drone  
  21  2:00  Drone  
  22  2:04  Overlord  
  22  2:06  Queen  
  22  2:07  Queen  
  26  2:14  Zergling x2  
  26  2:15  Zergling x2  
  28  2:22  Metabolic Boost  
  28  2:28  Drone  
  28  2:29  Drone  
  30  2:52  Zergling x4  
  30  2:53  Zergling x4  
  30  2:54  Hatchery  
  33  2:59  Drone  
  33  3:00  Drone  
  35  3:10  Drone  
  35  3:11  Overlord  
  36  3:21  Overlord  
  36  3:23  Overlord  
  36  3:28  Extractor  
  36  3:29  Drone  
  36  3:38  Queen  
  36  3:39  Drone  
  36  3:40  Drone x4  
  43  3:53  Drone x2  
  45  3:58  Lair  
  45  4:01  Baneling Nest  
  44  4:07  Queen  
  46  4:17  Roach Warren  
  46  4:21  Evolution Chamber  
  46  4:23  Evolution Chamber  
  42  4:26  Drone x5  
  42  4:27  Drone  
  48  4:35  Queen  
  50  4:51  Drone x4  
  54  5:03  Drone x3, Extractor  
  54  5:04  Extractor, Overlord  
  54  5:05  Overlord  
  55  5:08  Zerg Melee Weapons Level 1  
  54  5:29  Spire  
  54  5:34  Drone x4  
  54  5:35  Drone  
  58  5:46  Zergling x4  
  58  5:47  Zergling x14  
  58  5:48  Zergling x10  
  71  6:12  Overlord  
  71  6:13  Overlord x2  
  71  6:14  Overlord  
  65  6:38  Drone x3  
  65  6:39  Drone x4  
  68  6:41  Zergling x22  
  68  6:44  Zerg Flyer Weapons Level 1  
  77  7:06  Mutalisk x9  
  95  7:21  Pneumatized Carapace  
  94  7:23  Overlord x2  
  94  7:27  Baneling x3  
  94  7:28  Baneling x4  
  94  7:48  Zergling x30  
  108  8:05  Mutalisk x4  
  94  8:30  Zergling x22  
  94  8:31  Zergling x2  
  96  8:34  Zergling x2  
  94  8:44  Zergling x6  
Show
View Real Time Build Order
Export as new Build Order

Pace Zerg 

Build Orders: Hatch First 

Get SALT Encoding   

  12  0:00  Drone  
  13  0:14  Overlord  
  14  0:21  Drone  
  14  0:33  Drone x2  
  16  0:36  Drone  
  17  0:56  Hatchery  
  16  0:58  Drone  
  17  1:09  Spawning Pool  
  16  1:23  Drone  
  17  1:26  Extractor  
  17  1:27  Drone x2  
  18  1:34  Drone  
  19  1:48  Overlord  
  19  1:57  Queen  
  19  2:00  Zergling x2  
  22  2:06  Overlord  
  22  2:15  Queen  
  22  2:16  Drone  
  25  2:26  Drone x2  
  25  2:28  Metabolic Boost  
  27  2:32  Drone x2  
  29  2:38  Queen  
  29  2:41  Drone  
  32  2:49  Zergling x2  
  32  2:50  Zergling x2  
  34  3:01  Overlord  
  34  3:19  Queen  
  36  3:20  Drone x3  
  36  3:21  Drone, Overlord  
  40  3:39  Drone x5  
  45  3:51  Drone x2  
  45  3:52  Drone x2, Overlord  
  49  4:05  Roach Warren  
  49  4:07  Extractor  
  49  4:09  Extractor  
  46  4:11  Evolution Chamber  
  45  4:25  Drone x6  
  45  4:26  Drone  
  52  4:41  Spine Crawler  
  52  4:42  Spine Crawler, Queen  
  51  4:48  Spine Crawler  
  51  4:51  Spine Crawler, Roach x5  
  51  4:52  Roach x2  
  63  5:08  Drone x3  
  63  5:10  Drone x2  
  68  5:36  Zerg Missile Weapons Level 1  
  68  5:37  Lair  
  68  5:49  Roach  
  67  5:51  Overlord x4  
  67  5:52  Overlord  
  67  5:53  Hatchery  
  67  5:55  Hatchery  
  65  6:08  Roach  
  67  6:28  Roach x2  
  67  6:29  Roach x7  
  82  6:37  Roach x3  
  82  6:38  Roach  
  78  6:43  Glial Reconstitution  
  74  6:47  Evolution Chamber  
  73  7:13  Roach x7  
  73  7:14  Roach  
  89  7:19  Drone x2  
  89  7:20  Drone x2  
  93  7:37  Extractor  
  86  8:12  Roach x7  
  92  8:13  Roach x3  
  96  8:26  Zergling x8  
  67  8:53  Spore Crawler  
  55  8:57  Spore Crawler x2  
  55  8:58  Spore Crawler  
  55  9:01  Spore Crawler  
Tags
 
Add a new tag
Caveats
  • Supply blocks, unpowered buildings, or Contaminate may cause inaccurate times.
  • Supply counts are checked every 10 seconds.